 Dungeon Crawl Stone Soup version 0.26-a0-639-g72c4674329 (webtiles) character file.

Game seed: 9982243692304680054

142 Borgoz the Slasher (level 5, -6/47 HPs)
             Began as a Minotaur Berserker on Sept 18, 2020.
             Was a Believer of Trog.
             Mangled by an orc
             ... wielding a +0 trident
              (7 damage)
             ... on level 3 of the Dungeon.
             The game lasted 00:01:38 (1339 turns).

Borgoz the Slasher (Minotaur Berserker)             Turns: 1339, Time: 00:01:38

Health: -6/47      AC:  4    Str: 22    XL:     5   Next: 4%
Magic:  4/4        EV: 13    Int:  4    God:    Trog [**....]
Gold:   151        SH:  0    Dex: 10    Spells: 4/4 levels left

rFire    . . .     SeeInvis .   a - +0 falchion
rCold    . . .     Faith    .   (no shield)
rNeg     . . .     Spirit   .   j - +1 animal skin
rPois    .         Reflect  .   (helmet restricted)
rElec    .         Harm     .   o - +0 cloak
rCorr    .         Rampage  .   (no gloves)
MR       .....                  (no boots)
Stlth    +.........             (no amulet)
HPRegen  0.15/turn              (no ring)
MPRegen  0.09/turn              (no ring)

@: no status effects
A: retaliatory headbutt, horns 2
a: Berserk, Trog's Hand, Renounce Religion


You were on level 3 of the Dungeon.
You worshipped Trog.
Trog was pleased with you.
You visited 1 branch of the dungeon, and saw 3 of its levels.

You collected 151 gold pieces.

Inventory:

Hand Weapons
 a - a +0 falchion (weapon)
Armour
 j - a +1 animal skin (worn)
 o - a +0 cloak (worn)
Scrolls
 d - a scroll of enchant armour {unknown}
 f - a scroll of remove curse {unknown}
 g - 2 scrolls of teleportation {unknown}
 h - 2 scrolls of identify {unknown}
 k - a scroll of fog {unknown}
 p - a scroll of amnesia {unknown}
Potions
 b - 2 potions of heal wounds {unknown}
 c - a potion of resistance {unknown}
 e - a potion of curing {unknown}
 i - a potion of stabbing {unknown}
 l - a potion of lignification {unknown}
 m - 3 potions of invisibility {unknown}
 n - a potion of degeneration {unknown}


   Skills:
 + Level 4.6 Fighting
 + Level 4.6 Long Blades
 + Level 3.8 Armour
 + Level 3.4 Dodging


You had 4 spell levels left.
You didn't know any spells.
Your spell library was empty.

Dungeon Overview and Level Annotations

Branches:
Dungeon (3/15)

Altars:
Kikubaaqudgha
Ru


Innate Abilities, Weirdness & Mutations

You reflexively headbutt those who attack you in melee.
You have a pair of horns on your head.


Message History

* * * LOW HITPOINT WARNING * * *
You are splashed with acid!
* * * LOW HITPOINT WARNING * * *
The orc hits you from afar with a +0 trident.
* * * LOW HITPOINT WARNING * * *
The goblin hits you but does no damage.
Okay, then.
You feel the effects of Trog's Hand fading.
The jelly closely misses you.
Things that are here:
a leopard gecko corpse; a jackal corpse Your skin stops crawling.
You feel less resistant to hostile enchantments.
There is a stone staircase leading up here.
The jelly hits you.
* * * LOW HITPOINT WARNING * * *
You are splashed with acid!
* * * LOW HITPOINT WARNING * * *
The orc hits you from afar with a +0 trident!
You die...

#.†.# #......#.# .
.###.).####.#.#..#.# ..
...............#....##...
.....(....†....#..#... ..
...............#..#.##...
#.###...####.#...........
. #...# #....o†#.###
#...# ###.#J...# #...#
#.#@##.# #... #.#.# ...
#.... .## ###### ##


You could see a jelly and an orc.

Vanquished Creatures
  An orc wizard (D:3)
  Crazy Yiuf (D:2)
  Robin (D:2)
  An adder (D:3)
  2 worms
  A dart slug (D:2)
  3 leopard geckos
  2 orcs (D:3)
  5 bats
  2 bat zombies (D:2)
  2 giant cockroaches
  10 goblins
  4 hobgoblins
  4 jackals (D:3)
  6 frilled lizards
  2 kobolds
  5 rats
  A rat zombie (D:2)
53 creatures vanquished.

Notes
Turn   | Place    | Note
-------+----------+-------------------------------------------
     0 | D:1      | Borgoz the Minotaur Berserker began the quest for the Orb.
     0 | D:1      | Reached XP level 1. HP: 19/19 MP: 0/0
   234 | D:1      | Reached XP level 2. HP: 27/27 MP: 1/1
   740 | D:1      | Found a sacrificial altar of Ru.
   790 | D:2      | Noticed Robin
   803 | D:2      | Reached XP level 3. HP: 33/33 MP: 2/2
   808 | D:2      | Killed Robin
   808 | D:2      | Reached ** piety under Trog
   967 | D:2      | Found a runed translucent door.
   968 | D:2      | Noticed Crazy Yiuf
   988 | D:2      | Killed Crazy Yiuf
   988 | D:2      | Reached XP level 4. HP: 28/41 MP: 0/3
  1084 | D:2      | Found an ancient bone altar of Kikubaaqudgha.
  1327 | D:3      | Reached XP level 5. HP: 15/47 MP: 4/4
  1327 | D:3      | HP: 1/47 [orc/+0 trident (5)]
  1339 | D:3      | HP: 1/47 [acid (8)]
  1339 | D:3      | Mangled by an orc

Illustrated notes

Levels and vault maps discovered:
D:1:      dpeg_arrival_lava_altar, layout_loops_ring, grunt_decor_cap,
          minmay_misc_feat_square
D:2:      layout_rooms, lemuel_zombie_altar_kikubaaqudgha, minmay_pentomino_u2,
          uniq_robin, uniq_crazy_yiuf_cottage
D:3:      layout_loops_cross, tgw_fedhas, kennysheep_slug_shrine, tgw_sif,
          uniq_sigmund

Skill      XL: |  1  2  3 |
---------------+----------+-----
Long Blades    | 4 |  4.6
Fighting       | 4 |  4.6
Armour         | 3 |  3.8
Dodging        | 3 |  3.4

Action                   |  1- 3 |  4- 6 || total
-------------------------+-------+-------++-------
Melee: Falchion          |    63 |    39 ||   102
       Headbutt          |    10 |     4 ||    14
Invok: Berserk           |     2 |       ||     2
       Trog's Hand       |     1 |     1 ||     2
Armor: Ring mail         |    23 |       ||    23
       Animal skin       |     1 |    19 ||    20
Dodge: Dodged            |    40 |    46 ||    86
       Rpst.: Falchion   |     6 |    10 ||    16

Table legend: (Time is in decaauts)
 A = Elapsed time spent in this place.
 B = Non-inter-level travel time spent in this place.
 C = Inter-level travel time spent in this place.
 D = Time resting spent in this place.
 E = Time spent auto-exploring this place.
 F = Levels seen in this place.
 G = Mean time per level.
                   A        B        C        D        E       F      G
               +--------+--------+--------+--------+--------+-----+--------+
         Total |   1363 |   1308 |     55 |      4 |   1026 |   3 |  454.3 |
       Dungeon |   1363 |   1308 |     55 |      4 |   1026 |   3 |  454.3 |
               +--------+--------+--------+--------+--------+-----+--------+

Top non-repeatable levels by time:
     D:1: 776 daAuts
     D:2: 517 daAuts
     D:3: 68 daAuts
